AoeStats
← strix.g

Fortress

509736741Analyzed
3v3 RM · 6d ago on Sep 27, 2026· 58m 31s· 6 players
Game mode
Random Map
Map size
Large (8 player)
Population
200
Speed
Normal
Resources
Standard
Victory
Conquest
Starting age
Dark Age
Ending age
Imperial Age
RankedLock teamsTeams togetherTeam positionsShared explorationLock speedFull tech treeHidden civsTurbo modeCheats
Victory
Defeat
🇪🇸 Dravidians · Spain
750
+15
741
+15
705
+30
🇨🇱 Vietnamese · Chile
761
-17
🇨🇱 Lithuanians · Chile
743
-16
🇨🇱 Bengalis · Chile
658
-13
a mi tambien ME BANEARON EN EL L
0:28 Loom
7:48 Feudal Age
8:37 Double-Bit Axe
11:50 Wheelbarrow
16:14 Castle Age
15:33 Bloodlines
21:32 Scale Barding Armor
21:37 Forging
22:53 Bow Saw
28:38 Imperial Age
27:21 Chain Barding Armor
27:36 Iron Casting
28:21 Husbandry
29:08 Horse Collar
31:20 Hand Cart
31:39 Conscription
31:46 Cavalier
34:42 Chemistry
34:23 Plate Barding Armor
34:07 Farimba
35:00 Herbal Medicine
37:08 Hoardings
37:13 Iron Casting
36:12 Capped Ram
37:33 Squires
37:18 Arson
37:38 Scale Mail Armor
38:55 Chain Mail Armor
38:27 Treadmill Crane
39:03 Masonry
39:03 Murder Holes
42:06 Elite Gbeto
44:36 Pikeman
55:07 Plate Mail Armor
Tribamell
6:58 Feudal Age
7:33 Horse Collar
7:40 Double-Bit Axe
7:58 Loom
11:54 Arson
17:05 Castle Age
15:20 Forging
15:10 Scale Mail Armor
15:01 Fletching
16:08 Scale Barding Armor
18:34 Bow Saw
18:26 Heavy Plow
18:51 Chain Barding Armor
19:48 Gold Mining
19:49 Stone Mining
20:47 Squires
23:15 Husbandry
22:35 Light Cavalry
25:39 Chain Barding Armor
25:54 Iron Casting
25:16 Bodkin Arrow
25:40 Chain Mail Armor
27:41 Wheelbarrow
26:51 Town Watch
29:05 Ballistics
28:57 Fortified Wall
28:43 Murder Holes
33:43 Imperial Age
33:47 Hand Cart
34:37 Medical Corps
36:25 Two-Man Saw
36:32 Blast Furnace
36:02 Plate Mail Armor
35:49 Caravan
36:30 Wootz Steel
36:32 Conscription
36:29 Gambesons
37:24 Elite Urumi Swordsman
37:32 Siege Elephant
49:20 Heavy Scorpion
49:26 Onager
51:01 Siege Onager
tambien ME BANEARON EN EL LOL
9:34 Feudal Age
10:15 Double-Bit Axe
15:03 Castle Age
13:56 Horse Collar
14:53 Gold Mining
14:53 Stone Mining
26:40 Man-at-Arms
27:06 Gambesons
33:25 Imperial Age
36:49 Chemistry
37:33 Elite Organ Gun
41:42 Pikeman
42:53 Elite Skirmisher
43:04 Halberdier
47:54 Wheelbarrow
47:04 Town Watch
47:05 Loom
52:29 Arquebus
52:53 Conscription
53:24 Ballistics
55:35 Bow Saw
rolandito
0:45 Loom
7:53 Feudal Age
12:24 Wheelbarrow
11:52 Horse Collar
11:59 Double-Bit Axe
13:55 Bloodlines
16:29 Castle Age
16:07 Forging
16:36 Bloodlines
16:51 Light Cavalry
17:53 Scale Barding Armor
18:29 Iron Casting
18:52 Town Watch
20:42 Bow Saw
21:03 Husbandry
21:43 Stone Mining
22:48 Chain Barding Armor
23:34 Heavy Plow
24:09 Gold Mining
24:59 Stone Shaft Mining
28:36 Hand Cart
28:24 Town Patrol
29:15 Ballistics
34:08 Imperial Age
32:37 Masonry
36:03 Plate Barding Armor
36:15 Caravan
37:31 Two-Man Saw
37:43 Chemistry
38:55 Architecture
37:48 Winged Hussar
38:30 Fletching
40:18 Bodkin Arrow
41:20 Thumb Ring
41:27 Thumb Ring
42:47 Conscription
46:00 Bracer
50:53 Treadmill Crane
54:43 Heavy Cavalry Archer
strix.g
0:33 Loom
10:53 Feudal Age
11:43 Stone Mining
13:08 Double-Bit Axe
17:05 Castle Age
15:19 Scale Barding Armor
15:22 Gold Mining
15:33 Horse Collar
18:14 Husbandry
19:41 Gold Shaft Mining
20:11 Wheelbarrow
19:49 Bow Saw
22:13 Chain Barding Armor
23:05 Heavy Plow
23:42 Hand Cart
23:17 Town Watch
27:34 Imperial Age
26:57 Elite Skirmisher
30:00 Two-Man Saw
31:05 Plate Barding Armor
31:42 Elite Elephant Archer
33:29 Ballistics
37:03 Padded Archer Armor
37:22 Town Patrol
40:33 Caravan
41:06 Coinage
40:47 Guilds
41:09 Onager
47:36 Banking
49:52 Elite Battle Elephant
lucasso
4:12 Loom
7:37 Feudal Age
9:22 Double-Bit Axe
9:35 Horse Collar
15:04 Castle Age
13:41 Gold Mining
14:09 Forging
14:49 Bloodlines
14:57 Scale Barding Armor
15:41 Town Watch
16:25 Husbandry
17:30 Wheelbarrow
19:22 Stone Mining
22:34 Stone Shaft Mining
23:57 Chatras
24:38 Fletching
28:06 Bow Saw
31:39 Imperial Age
29:06 Elite Skirmisher
29:45 Bodkin Arrow
29:51 Padded Archer Armor
31:29 Heavy Plow
35:04 Iron Casting
34:51 Imperial Skirmisher
36:46 Chemistry
36:46 Hand Cart
37:42 Town Patrol
39:35 Paper Money
40:07 Elite Battle Elephant
41:21 Caravan
42:14 Chain Barding Armor
41:55 Bracer
43:12 Two-Man Saw
44:00 Ballistics
46:05 Plate Barding Armor
45:41 Elite Rattan Archer
47:41 Crossbowman
49:48 Hoardings
49:56 Leather Archer Armor
53:22 Light Cavalry
Connection lost

Rejoining the realm…

Still unreachable

The connection could not be restored.

Session expired

The server has moved on; the page needs a fresh start.